[Event "2023 Wolfgang Leonhardt Cup"]
[Site "Woodvale, Perth WA AUS"]
[Date "2023.09.20"]
[Round "6"]
[White "Kerr, Lennon"]
[Black "Oswald, Franz"]
[Result "1-0"]
[ECO "B46"]
[WhiteElo "1576"]
[BlackElo "1641"]
[PlyCount "105"]
[EventDate "2023.08.09"]
[EventType "swiss"]
[EventRounds "7"]
[EventCountry "AUS"]
[TimeControl "3600+30"]

1. e4 c5 2. Nf3 e6 3. d4 cxd4 4. Nxd4 Nc6 5. Nc3 Nf6 6. Bg5 a6 7. Be2 Be7 8.
O-O b5 9. a3 Bb7 10. Bf3 Ne5 11. Re1 Rc8 12. Bf4 Nxf3+ 13. Nxf3 Rxc3 14. bxc3
Nxe4 15. Qd3 d5 16. Nd4 Bf6 17. f3 Nc5 18. Qe2 O-O 19. Qf2 Qc8 20. Bd6 Re8 21.
Nf5 Na4 22. Qe3 Nxc3 23. Bb4 Na4 24. Nd6 Qc6 25. Nxe8 Qxe8 26. Rad1 Nb2 27. Rb1
Nc4 28. Qc5 a5 29. Bxa5 Nxa5 30. Rxb5 Be7 31. Qb6 Bd8 32. Qd6 Be7 33. Rxe6 fxe6
34. Qxe6+ Qf7 35. Qxf7+ Kxf7 36. Rxa5 Bc6 37. Kf1 Ke6 38. Ra6 Kd6 39. a4 Kc5
40. Ra7 Bf6 41. a5 Bc3 42. g4 Kb5 43. Ke2 Bd4 44. Rc7 Kc5 45. Kd3 Be5 46. Rf7
Bb5+ 47. Ke3 h6 48. h4 Ba4 49. f4 Bb2 50. a6 Bd4+ 51. Kd2 Bb5 52. a7 Bc6 53.
Rf8 1-0

[Event "2023 Wolfgang Leonhardt Cup"]
[Site "Woodvale, Perth WA AUS"]
[Date "2023.09.20"]
[Round "6"]
[White "Doshi, Chirag"]
[Black "Gibson, Jacob"]
[Result "0-1"]
[ECO "C00"]
[WhiteElo "1870"]
[BlackElo "1987"]
[PlyCount "106"]
[EventDate "2023.08.09"]
[EventType "swiss"]
[EventRounds "7"]
[EventCountry "AUS"]
[TimeControl "3600+30"]

1. e4 c5 2. f4 e6 3. d3 d5 4. e5 Nc6 5. Nf3 Nge7 6. Be2 h5 7. Be3 Nf5 8. Bf2
Be7 9. Nc3 Qb6 10. Rb1 d4 11. Ne4 Qa5+ 12. c3 Qxa2 13. O-O O-O 14. Nfd2 Qd5 15.
c4 Qd7 16. Bxh5 Nb4 17. Be2 b6 18. Nf3 Bb7 19. Nfg5 b5 20. b3 bxc4 21. bxc4 a5
22. Ng3 Nxg3 23. Bxg3 Bxg5 24. fxg5 Na2 25. Qb3 Nc3 26. Rb2 Nxe2+ 27. Rxe2 Rfb8
28. Qa3 Qc6 29. h4 g6 30. Ref2 Ra7 31. Qb2 Rf8 32. h5 gxh5 33. g6 Ba8 34. Qe2
Kg7 35. Bh4 Kxg6 36. Rf6+ Kg7 37. Qd2 Rh8 38. Qg5+ Kf8 39. Rh6 Rg8 40. Qd8+ Kg7
41. Bf6+ Kxh6 42. Qxg8 Qxg2+ 43. Qxg2 Bxg2 44. Kxg2 a4 45. Ra1 Kg6 46. Bd8 Ra6
47. Be7 Ra5 48. Kg3 a3 49. Ra2 Kf5 50. Bd6 h4+ 51. Kxh4 Kf4 52. Bc7 Ra8 53. Bb6
Rh8# 0-1

[Event "2023 Wolfgang Leonhardt Cup"]
[Site "Woodvale, Perth WA AUS"]
[Date "2023.09.20"]
[Round "6"]
[White "Kerr, Carter"]
[Black "Roebuck, Derek"]
[Result "1-0"]
[ECO "C63"]
[WhiteElo "1485"]
[BlackElo "1796"]
[PlyCount "75"]
[EventDate "2023.08.09"]
[EventType "swiss"]
[EventRounds "7"]
[EventCountry "AUS"]
[TimeControl "3600+30"]

1. e4 e5 2. Nf3 Nc6 3. Bb5 f5 4. exf5 e4 5. Bxc6 dxc6 6. Ne5 Nf6 7. g4 Qd5 8.
g5 Qxe5 9. gxf6 Qxf6 10. Qh5+ g6 11. fxg6 hxg6 12. Qe2 Bf5 13. d3 Qe6 14. Nc3
exd3 15. Qxe6+ Bxe6 16. cxd3 O-O-O 17. Ke2 Bg4+ 18. f3 Bf5 19. Ne4 Bd6 20. Bg5
Rde8 21. h4 Be7 22. Kd2 Bxg5+ 23. hxg5 Bxe4 24. dxe4 Kd7 25. Ke3 Ke7 26. Kf4
Kf7 27. Rad1 Rhf8 28. Kg4 Ke6 29. Rh7 Re7 30. Rxe7+ Kxe7 31. f4 Rh8 32. Rd2 Rh1
33. Rg2 Re1 34. Kf3 c5 35. f5 gxf5 36. exf5 Kf7 37. g6+ Kg7 38. Kg4 1-0

[Event "2023 Wolfgang Leonhardt Cup"]
[Site "Woodvale, Perth WA AUS"]
[Date "2023.09.20"]
[Round "6"]
[White "Stortz, Robert"]
[Black "Bhatia, Abhay"]
[Result "1-0"]
[ECO "D00"]
[WhiteElo "1796"]
[BlackElo "1678"]
[PlyCount "27"]
[EventDate "2023.08.09"]
[EventType "swiss"]
[EventRounds "7"]
[EventCountry "AUS"]
[TimeControl "3600+30"]

1. d4 d5 2. Bf4 Bf5 3. Nc3 Nf6 4. f3 a6 5. g4 Bg6 6. h4 h6 7. e3 e6 8. a3 c5 9.
h5 Bh7 10. Bd3 cxd4 11. exd4 Qb6 12. Nge2 Qxb2 13. Na4 Bb4+ 14. Kf2 1-0

[Event "2023 Wolfgang Leonhardt Cup"]
[Site "Woodvale, Perth WA AUS"]
[Date "2023.09.20"]
[Round "6"]
[White "Leonhardt, Wolfgang"]
[Black "Akers, Gerard"]
[Result "1-0"]
[ECO "E52"]
[WhiteElo "1760"]
[BlackElo "1562"]
[PlyCount "63"]
[EventDate "2023.08.09"]
[EventType "swiss"]
[EventRounds "7"]
[EventCountry "AUS"]
[TimeControl "3600+30"]

1. d4 Nf6 2. c4 e6 3. Nc3 Bb4 4. a3 Bxc3+ 5. bxc3 d5 6. e3 O-O 7. Nf3 Nbd7 8.
Bd3 b6 9. cxd5 exd5 10. O-O c5 11. Ra2 c4 12. Bb1 Re8 13. Nd2 Qc7 14. f3 Rxe3
15. Nxc4 Rxc3 16. Ne5 Nxe5 17. dxe5 Qxe5 18. Re1 Qc7 19. Rae2 Ba6 20. Re7 Qc5+
21. Kh1 Qd6 22. Bb2 Rc7 23. Rxc7 Qxc7 24. Bxf6 gxf6 25. Qxd5 Rd8 26. Qe4 Kf8
27. Qxh7 Qe5 28. Qh6+ Kg8 29. Bh7+ Kh8 30. Bg6+ Kg8 31. Qh7+ Kf8 32. Qxf7# 1-0

[Event "2023 John Brooke Cup"]
[Site "Woodvale, Perth WA AUS"]
[Date "2023.09.20"]
[Round "6"]
[White "Curtis, Calan"]
[Black "Leech, Martin"]
[Result "1-0"]
[ECO "D00"]
[WhiteElo "1300"]
[BlackElo "1522"]
[PlyCount "49"]
[EventDate "2023.08.09"]
[EventType "swiss"]
[EventRounds "7"]
[EventCountry "AUS"]
[TimeControl "3600+30"]

1. d4 d5 2. Nc3 Nf6 3. Bf4 c5 4. dxc5 a6 5. a3 Nc6 6. Nf3 Bg4 7. Ne5 Nxe5 8.
Bxe5 e6 9. Na4 Qa5+ 10. c3 Be7 11. b4 Qb5 12. Nb6 O-O 13. Nxa8 Rxa8 14. Qd4 Bf5
15. e4 Qd7 16. exf5 exf5 17. Rd1 Re8 18. Be2 Qe6 19. O-O Bd8 20. Bxf6 Bxf6 21.
Qe3 Qd7 22. Rxd5 Rxe3 23. Rxd7 Rxe2 24. Rxb7 g6 25. c6 1-0

[Event "2023 John Brooke Cup"]
[Site "Woodvale, Perth WA AUS"]
[Date "2023.09.20"]
[Round "6"]
[White "Howard, Mark"]
[Black "Ross, Leo"]
[Result "1-0"]
[ECO "B13"]
[WhiteElo "1452"]
[BlackElo "1335"]
[PlyCount "75"]
[EventDate "2023.08.09"]
[EventType "swiss"]
[EventRounds "7"]
[EventCountry "AUS"]
[TimeControl "3600+30"]

1. e4 c6 2. Nc3 d5 3. exd5 cxd5 4. d4 Nc6 5. h3 Bf5 6. Nf3 Nf6 7. Bb5 a6 8.
Bxc6+ bxc6 9. O-O e6 10. a3 h6 11. Ne2 c5 12. c3 Be7 13. Ng3 Bh7 14. b4 cxd4
15. cxd4 O-O 16. Ne5 Qc7 17. Nh5 Nxh5 18. Qxh5 Qc3 19. Be3 Bf6 20. Rfc1 Qb3 21.
Nd7 Bg6 22. Nxf6+ gxf6 23. Qxh6 Rfc8 24. Rxc8+ Rxc8 25. Rc1 Rxc1+ 26. Bxc1 Qc3
27. Qf4 Kg7 28. Qh6+ Kg8 29. Qd2 Qxd2 30. Bxd2 Bd3 31. f3 e5 32. Bc3 e4 33.
fxe4 Bxe4 34. Kf2 Kg7 35. g3 Kg6 36. Ke3 Kg5 37. a4 Bf5 38. h4+ 1-0

[Event "2023 John Brooke Cup"]
[Site "Woodvale, Perth WA AUS"]
[Date "2023.09.20"]
[Round "6"]
[White "Hounsome, David"]
[Black "Sethuraman, Jaswanth Ram"]
[Result "0-1"]
[ECO "A01"]
[WhiteElo "1370"]
[BlackElo "824"]
[PlyCount "98"]
[EventDate "2023.08.09"]
[EventType "swiss"]
[EventRounds "7"]
[EventCountry "AUS"]
[TimeControl "3600+30"]

1. b3 e5 2. Bb2 Nc6 3. e3 a6 4. d4 exd4 5. exd4 d5 6. Nf3 Bg4 7. Be2 Bxf3 8.
Bxf3 Nge7 9. O-O g6 10. Re1 Bg7 11. c4 O-O 12. Na3 Qd7 13. Nc2 Rfe8 14. Qd2
dxc4 15. bxc4 Nf5 16. Rxe8+ Rxe8 17. Rd1 b6 18. Bxc6 Qxc6 19. Qd3 Qd7 20. Ne3
Nxe3 21. fxe3 Qe7 22. Re1 Bh6 23. Bc1 Bg7 24. Bd2 Rd8 25. a3 a5 26. Bc3 Qxa3
27. Ra1 Qe7 28. e4 Qd6 29. d5 Bxc3 30. Qxc3 Qc5+ 31. Kf1 Re8 32. Re1 Qe7 33. e5
Qg5 34. g3 Qf5+ 35. Kg2 a4 36. Qf3 Qc2+ 37. Qe2 Qxe2+ 38. Rxe2 a3 39. Kf3 a2
40. Rxa2 Rxe5 41. Re2 Rxe2 42. Kxe2 Kf8 43. Ke3 Ke7 44. Ke4 Kd6 45. Kd4 f5 46.
h4 c5+ 47. dxc6 Kxc6 48. Kd3 Kc5 49. Kc3 h6 0-1

[Event "2023 John Brooke Cup"]
[Site "Woodvale, Perth WA AUS"]
[Date "2023.09.20"]
[Round "6"]
[White "Young, Manfred"]
[Black "Boswarva, Ernest"]
[Result "0-1"]
[ECO "D00"]
[WhiteElo "1090"]
[BlackElo "1516"]
[PlyCount "76"]
[EventDate "2023.08.09"]
[EventType "swiss"]
[EventRounds "7"]
[EventCountry "AUS"]
[TimeControl "3600+30"]

1. d4 d5 2. Nc3 Nf6 3. h3 e6 4. Bg5 c5 5. e3 a6 6. Nf3 Nbd7 7. Ne5 Be7 8. Qf3
Qa5 9. Bxf6 Nxf6 10. Be2 O-O 11. O-O cxd4 12. exd4 Qb6 13. Qe3 Qxb2 14. Rab1
Qa3 15. Rb3 Qa5 16. Rfb1 Qc7 17. Bd3 Nd7 18. Nxd7 Qxd7 19. f4 b5 20. Qf2 Qc7
21. Qd2 Bd6 22. Ne2 f6 23. Qe3 e5 24. fxe5 fxe5 25. dxe5 Bxe5 26. Nd4 Bf4 27.
Qe2 Qb6 28. c3 Qh6 29. Kh1 Bd7 30. Qf3 Be8 31. Qxd5+ Bf7 32. Qf3 Bxb3 33. axb3
Rae8 34. Qd5+ Kh8 35. Rf1 Re3 36. Nf5 Rxh3+ 37. Kg1 Rh1+ 38. Kf2 Rxf1+ 0-1

[Event "2023 John Brooke Cup"]
[Site "Woodvale, Perth WA AUS"]
[Date "2023.09.20"]
[Round "6"]
[White "Porteus, Grant"]
[Black "Frankland, David"]
[Result "0-1"]
[ECO "D00"]
[WhiteElo "1381"]
[BlackElo "1098"]
[PlyCount "106"]
[EventDate "2023.08.09"]
[EventType "swiss"]
[EventRounds "7"]
[EventCountry "AUS"]
[TimeControl "3600+30"]

1. d4 d5 2. Bf4 Nc6 3. c3 Bf5 4. Nd2 e6 5. Ngf3 Bd6 6. Ne5 Bxe5 7. dxe5 g5 8.
Bg3 h5 9. f3 h4 10. Bf2 Nxe5 11. Qb3 b6 12. O-O-O Ne7 13. c4 d4 14. e4 Bg6 15.
Nb1 c5 16. Nc3 Qb8 17. g3 dxc3 18. Qxc3 O-O 19. gxh4 Rd8 20. Be2 Rxd1+ 21. Bxd1
N7c6 22. hxg5 Qd6 23. Bg3 Qd4 24. Qxd4 cxd4 25. b3 Nd3+ 26. Kd2 Ndb4 27. h4 Bh5
28. f4 Bxd1 29. Rxd1 Nxa2 30. f5 exf5 31. exf5 Nc3 32. Re1 Na2 33. Bd6 Rd8 34.
c5 bxc5 35. Bxc5 Rd5 36. Ba3 Rxf5 37. Ra1 a5 38. Kd3 Nab4+ 39. Ke4 Re5+ 40. Kf4
Nc2 41. Rc1 d3 42. Bb2 Re1 43. Rxe1 Nxe1 44. Bc3 Ng2+ 45. Kg3 Ne3 46. Kf3 Nd5
47. Be1 Ncb4 48. Ke4 Kg7 49. Ke5 Kg6 50. Bd2 f6+ 51. gxf6 Nxf6 52. Kf4 Kh5 53.
Bc3 Nfd5+ 0-1

[Event "2023 John Brooke Cup"]
[Site "Woodvale, Perth WA AUS"]
[Date "2023.09.20"]
[Round "6"]
[White "Brooke, John"]
[Black "Bordas, Lindsay"]
[Result "1-0"]
[ECO "C00"]
[WhiteElo "1435"]
[BlackElo "1122"]
[PlyCount "69"]
[EventDate "2023.08.09"]
[EventType "swiss"]
[EventRounds "7"]
[EventCountry "AUS"]
[TimeControl "3600+30"]

1. e4 e6 2. Bc4 d5 3. exd5 exd5 4. Bb5+ c6 5. Ba4 b5 6. Bb3 c5 7. c3 Ba6 8. Qf3
c4 9. Bc2 Bc5 10. Ne2 Nf6 11. O-O O-O 12. Rd1 Qc7 13. d4 cxd3 14. Bxd3 Bb7 15.
Qh3 Bc8 16. Qh4 Ne4 17. Bxe4 dxe4 18. Qxe4 Bb7 19. Qh4 Rd8 20. Rxd8+ Bf8 21.
Rd1 Na6 22. Bf4 Qc6 23. Qg3 Qc4 24. Nd4 Rd8 25. Nd2 Qd5 26. N2f3 Nc5 27. h3 Ne4
28. Qh4 f6 29. Qg4 Bc8 30. Qh4 g5 31. Nxg5 fxg5 32. Bxg5 Nxg5 33. Qh5 Qe5 34.
Nc6 Rxd1+ 35. Rxd1 1-0

[Event "2023 John Brooke Cup"]
[Site "Woodvale, Perth WA AUS"]
[Date "2023.09.20"]
[Round "6"]
[White "Overste, Brian"]
[Black "Powell, Darren"]
[Result "0-1"]
[ECO "A01"]
[WhiteElo "972"]
[BlackElo "1337"]
[PlyCount "79"]
[EventDate "2023.08.09"]
[EventType "swiss"]
[EventRounds "7"]
[EventCountry "AUS"]
[TimeControl "3600+30"]

1. e4 e5 2. b3 Nc6 3. Bb2 Bc5 4. Nf3 d6 5. Bb5 Nge7 6. Nc3 a6 7. Bc4 Bg4 8. a3
Bd4 9. h3 Bh5 10. O-O Qd7 11. Ra2 O-O-O 12. Bxf7 Bxf7 13. Ng5 Rdf8 14. d3 h6
15. Nxf7 Rxf7 16. Na4 Bxb2 17. Rxb2 d5 18. Nc5 Qd6 19. Qg4+ Kb8 20. b4 h5 21.
Qe6 Qxe6 22. Nxe6 Rh6 23. exd5 Nxd5 24. Ng5 Rf5 25. Ne4 Nd4 26. c3 Ne2+ 27.
Rxe2 Rg6 28. Ng3 Rfg5 29. h4 Rg4 30. Rxe5 Nf4 31. Nxh5 Rxg2+ 32. Kh1 Nxd3 33.
Re8+ Ka7 34. Rf8 R2g4 35. Ng3 Rxh4+ 36. Kg2 Nf4+ 37. Kf3 Ne6 38. Rh1 Rxg3+ 39.
fxg3 Rxh1 40. Rf7 0-1

[Event "2023 John Brooke Cup"]
[Site "Woodvale, Perth WA AUS"]
[Date "2023.09.20"]
[Round "6"]
[White "Owen, Geoffrey"]
[Black "Markou, Victor"]
[Result "1-0"]
[ECO "C66"]
[WhiteElo "1030"]
[BlackElo "1039"]
[PlyCount "71"]
[EventDate "2023.08.09"]
[EventType "swiss"]
[EventRounds "7"]
[EventCountry "AUS"]
[TimeControl "3600+30"]

1. e4 e5 2. Nf3 d6 3. Bc4 Nf6 4. O-O Nc6 5. d4 Na5 6. Bd3 Nc6 7. Bb5 Bd7 8.
Bxc6 Bxc6 9. d5 Bd7 10. c4 g6 11. Nc3 Bg7 12. b4 O-O 13. Re1 c5 14. dxc6 Bxc6
15. b5 Bd7 16. Ba3 Be6 17. Bxd6 Re8 18. Nxe5 Nd7 19. f4 Nxe5 20. fxe5 Qb6+ 21.
c5 Qa5 22. Nd5 Rad8 23. Bc7 Qxb5 24. Bxd8 Qxc5+ 25. Kh1 Rxd8 26. Rc1 Qf8 27.
Qf3 Bxd5 28. exd5 Re8 29. e6 fxe6 30. Qxf8+ Rxf8 31. dxe6 Re8 32. Rcd1 Bf6 33.
Rd6 Kf8 34. Rd7 Be7 35. Rxb7 Bb4 36. Rxb4 1-0

[Event "2023 John Brooke Cup"]
[Site "Woodvale, Perth WA AUS"]
[Date "2023.09.20"]
[Round "6"]
[White "May, Wendy"]
[Black "Jahn, Harold"]
[Result "1-0"]
[ECO "C44"]
[WhiteElo "914"]
[BlackElo "1081"]
[PlyCount "41"]
[EventDate "2023.08.09"]
[EventType "swiss"]
[EventRounds "7"]
[EventCountry "AUS"]
[TimeControl "3600+30"]

1. e4 e5 2. Nf3 f6 3. d4 Nc6 4. d5 Na5 5. Nc3 Bb4 6. Bd2 c6 7. a3 Bxc3 8. Bxc3
d6 9. b4 cxd5 10. bxa5 Bg4 11. Qxd5 Ne7 12. Qxb7 Nc6 13. Qxc6+ Kf7 14. Bc4+ Kg6
15. Nh4+ Kg5 16. Bd2+ Kxh4 17. g3+ Kh5 18. Bf7+ g6 19. Qc3 Rc8 20. Qe3 Qc7 21.
Qh6# 1-0

[Event "2023 Wolfgang Leonhardt Cup"]
[Site "Woodvale, Perth WA AUS"]
[Date "2023.09.27"]
[Round "7"]
[White "Saxon, Marc"]
[Black "Maggs, Derwent"]
[Result "0-1"]
[ECO "B96"]
[WhiteElo "2053"]
[BlackElo "2251"]
[PlyCount "72"]
[EventDate "2023.08.09"]
[EventType "swiss"]
[EventRounds "7"]
[EventCountry "AUS"]
[TimeControl "3600+30"]

1. e4 c5 2. Nf3 d6 3. d4 cxd4 4. Nxd4 Nf6 5. Nc3 a6 6. Bg5 e6 7. f4 h6 8. Bh4
Qb6 9. a3 Be7 10. Bf2 Qc7 11. Bd3 Nbd7 12. Qe2 b5 13. O-O-O Bb7 14. g4 g5 15.
fxg5 hxg5 16. Be3 Rc8 17. Bxg5 Ne5 18. Bxb5+ axb5 19. Ndxb5 Qb6 20. Nxd6+ Bxd6
21. Bxf6 Rh3 22. Qb5+ Qxb5 23. Nxb5 Bb8 24. g5 Bxe4 25. Rhe1 Nd3+ 26. Rxd3 Bxd3
27. Nc3 Bf5 28. b4 Rxh2 29. Kb2 Bxc2 30. Be5 Rg2 31. Bf6 Bd3+ 32. Ka1 Bg3 33.
Rh1 e5 34. Nd5 Rcc2 35. Rh8+ Kd7 36. Rd8+ Ke6 0-1

[Event "2023 Wolfgang Leonhardt Cup"]
[Site "Woodvale, Perth WA AUS"]
[Date "2023.09.27"]
[Round "7"]
[White "Lakner, Jay"]
[Black "Maris, Rob"]
[Result "1-0"]
[ECO "A21"]
[WhiteElo "2144"]
[BlackElo "2044"]
[PlyCount "35"]
[EventDate "2023.08.09"]
[EventType "swiss"]
[EventRounds "7"]
[EventCountry "AUS"]
[TimeControl "3600+30"]

1. c4 e5 2. Nc3 d6 3. Nf3 f5 4. d4 e4 5. Ng5 c6 6. f3 Be7 7. Nh3 exf3 8. exf3
Nf6 9. Be2 Na6 10. O-O O-O 11. Re1 Re8 12. Be3 Nc7 13. Qb3 Kh8 14. Bd3 d5 15.
Rad1 b6 16. Bf4 dxc4 17. Bxc4 Bb7 18. Ng5 1-0

[Event "2023 Wolfgang Leonhardt Cup"]
[Site "Woodvale, Perth WA AUS"]
[Date "2023.09.27"]
[Round "7"]
[White "Plaganyi, Gyula"]
[Black "Kerr, Lennon"]
[Result "1-0"]
[ECO "C00"]
[WhiteElo "1972"]
[WhiteTitle "CM"]
[BlackElo "1576"]
[PlyCount "83"]
[EventDate "2023.08.09"]
[EventType "swiss"]
[EventRounds "7"]
[EventCountry "AUS"]
[TimeControl "3600+30"]

1. e4 e6 2. d3 Nc6 3. Nf3 Nf6 4. g3 d5 5. Nbd2 Bc5 6. Bg2 dxe4 7. dxe4 e5 8.
O-O Bg4 9. h3 Bh5 10. c3 O-O 11. b4 Bd6 12. Qc2 a5 13. b5 Na7 14. c4 Qe7 15.
Bb2 c6 16. a4 b6 17. Rac1 Rac8 18. Qb3 c5 19. Nh4 Bg6 20. Nf5 Bxf5 21. exf5 Qd7
22. Qc2 Rcd8 23. Rcd1 Nc8 24. Rfe1 Rfe8 25. Bc6 Qc7 26. Bxe8 Rxe8 27. Ne4 Nxe4
28. Qxe4 f6 29. Kg2 Kh8 30. Rd3 Ne7 31. Red1 Rd8 32. g4 Nc8 33. Bc1 h6 34. h4
Qe7 35. Kh3 Kg8 36. f4 Qc7 37. fxe5 fxe5 38. g5 hxg5 39. Bxg5 Rf8 40. Kg4 Qd7
41. Qxe5 g6 42. Qe6+ 1-0

[Event "2023 Wolfgang Leonhardt Cup"]
[Site "Woodvale, Perth WA AUS"]
[Date "2023.09.27"]
[Round "7"]
[White "Gibson, Jacob"]
[Black "Kerr, Carter"]
[Result "0-1"]
[ECO "C67"]
[WhiteElo "1987"]
[BlackElo "1485"]
[PlyCount "78"]
[EventDate "2023.08.09"]
[EventType "swiss"]
[EventRounds "7"]
[EventCountry "AUS"]
[TimeControl "3600+30"]

1. e4 e5 2. Nf3 Nc6 3. Bb5 Nf6 4. O-O Nxe4 5. Re1 Nd6 6. Bxc6 dxc6 7. Nxe5 Be7
8. d4 O-O 9. Nd2 Be6 10. Ndf3 Nf5 11. b3 c5 12. Bb2 cxd4 13. Nxd4 Nxd4 14. Qxd4
Qxd4 15. Bxd4 Rfd8 16. Rad1 a5 17. a4 Bf5 18. Nd3 Bb4 19. Nxb4 axb4 20. Rd2 c5
21. Re5 Bxc2 22. Rxc5 Bxb3 23. Rb5 Rxa4 24. Rxb7 Bd5 25. Bb2 h6 26. Rb5 Re8 27.
h3 Bc4 28. Rb6 b3 29. Bc3 Re1+ 30. Kh2 Rc1 31. Be5 Ra2 32. Rd8+ Kh7 33. Kg3
Rcc2 34. Bd4 b2 35. Kg4 Be6+ 36. Kh5 Ra4 37. Rbb8 Rc5+ 38. Kh4 Rd5 39. g4 Rxd8
0-1

[Event "2023 Wolfgang Leonhardt Cup"]
[Site "Woodvale, Perth WA AUS"]
[Date "2023.09.27"]
[Round "7"]
[White "O'Shaughnessy, Dave"]
[Black "Stortz, Robert"]
[Result "1/2-1/2"]
[ECO "A03"]
[WhiteElo "1977"]
[BlackElo "1796"]
[PlyCount "64"]
[EventDate "2023.08.09"]
[EventType "swiss"]
[EventRounds "7"]
[EventCountry "AUS"]
[TimeControl "3600+30"]

1. b3 d5 2. Bb2 Nf6 3. e3 Bf5 4. f4 a6 5. Nf3 c5 6. Be2 Nc6 7. O-O e6 8. h3 h6
9. d3 Be7 10. Nbd2 b5 11. Ne5 Nxe5 12. Bxe5 Nd7 13. Bb2 Bf6 14. Bxf6 Nxf6 15.
Nf3 Nd7 16. Qe1 Qf6 17. a4 O-O 18. g4 Bh7 19. Qg3 Qe7 20. h4 f5 21. g5 hxg5 22.
hxg5 g6 23. d4 c4 24. axb5 axb5 25. bxc4 bxc4 26. Rfb1 Qd6 27. Qh2 Rfb8 28. Kf2
Rxa1 29. Rxa1 Qb6 30. Rh1 Nf8 31. Ne5 Qc7 32. Kg3 Qg7 1/2-1/2

[Event "2023 Wolfgang Leonhardt Cup"]
[Site "Woodvale, Perth WA AUS"]
[Date "2023.09.27"]
[Round "7"]
[White "Janceski, Alex"]
[Black "Davoll, Josh"]
[Result "0-1"]
[ECO "A51"]
[WhiteElo "1879"]
[BlackElo "1917"]
[PlyCount "90"]
[EventDate "2023.08.09"]
[EventType "swiss"]
[EventRounds "7"]
[EventCountry "AUS"]
[TimeControl "3600+30"]

1. d4 Nf6 2. c4 e5 3. d5 Bb4+ 4. Bd2 a5 5. a3 Bxd2+ 6. Nxd2 d6 7. e4 Na6 8. g3
Nc5 9. Qc2 a4 10. Bg2 Bg4 11. f3 Bh5 12. Ne2 O-O 13. O-O Nfd7 14. g4 Bg6 15.
Ng3 Qh4 16. Nf5 Bxf5 17. exf5 f6 18. Rfe1 Rae8 19. Re3 h5 20. h3 Kf7 21. Rae1
Rh8 22. R1e2 Qg5 23. Re1 Rh6 24. R3e2 Reh8 25. Qc3 b6 26. Qe3 Qh4 27. Rb1 Rb8
28. b4 axb3 29. Nxb3 Nxb3 30. Rxb3 Nc5 31. Rb4 Ra8 32. Ra2 Rhh8 33. Re2 Ra5 34.
Rb1 Rha8 35. Ra2 Ra4 36. Rc1 R8a7 37. Rcc2 Na6 38. Qb3 Qe1+ 39. Kh2 Nc5 40. Qb2
h4 41. Re2 Qg3+ 42. Kg1 Qf4 43. Ra1 Rxc4 44. Rc2 Rxc2 45. Qxc2 Qd4+ 0-1

[Event "2023 Wolfgang Leonhardt Cup"]
[Site "Woodvale, Perth WA AUS"]
[Date "2023.09.27"]
[Round "7"]
[White "Gough, Dylan"]
[Black "Leonhardt, Wolfgang"]
[Result "1-0"]
[ECO "D31"]
[WhiteElo "1762"]
[BlackElo "1760"]
[PlyCount "53"]
[EventDate "2023.08.09"]
[EventType "swiss"]
[EventRounds "7"]
[EventCountry "AUS"]
[TimeControl "3600+30"]

1. d4 d5 2. c4 e6 3. Nc3 dxc4 4. e4 c6 5. Bxc4 Nf6 6. Nf3 Nbd7 7. O-O Be7 8.
Qc2 g6 9. a4 b6 10. Bf4 Bb7 11. Rfe1 O-O 12. Rad1 Rc8 13. Qb3 c5 14. d5 exd5
15. exd5 Ne8 16. Bh6 Ng7 17. Ne4 Bf6 18. Nxf6+ Nxf6 19. Bg5 Qd6 20. Qc3 Ngh5
21. h3 Rfe8 22. Rxe8+ Rxe8 23. g4 h6 24. Bxh6 Kh7 25. Ng5+ Kg8 26. gxh5 Nxh5
27. Re1 1-0

[Event "2023 Wolfgang Leonhardt Cup"]
[Site "Woodvale, Perth WA AUS"]
[Date "2023.09.27"]
[Round "7"]
[White "Oswald, Franz"]
[Black "Garang, Kuol Awan"]
[Result "1-0"]
[ECO "D06"]
[WhiteElo "1641"]
[BlackElo "1632"]
[PlyCount "43"]
[EventDate "2023.08.09"]
[EventType "swiss"]
[EventRounds "7"]
[EventCountry "AUS"]
[TimeControl "3600+30"]

1. d4 d5 2. c4 Nf6 3. cxd5 Nxd5 4. e4 Nf6 5. Nc3 Nc6 6. d5 Ne5 7. Nf3 Bg4 8.
Be2 Bxf3 9. Bxf3 g6 10. Bf4 Nfd7 11. Be2 Bg7 12. Be3 Nf6 13. O-O O-O 14. f4
Ned7 15. e5 Ne8 16. Qb3 Qc8 17. Rac1 Kh8 18. Qa3 a6 19. Qxe7 f5 20. Qa3 Nxe5
21. fxe5 Bxe5 22. Qxf8# 1-0

[Event "2023 Wolfgang Leonhardt Cup"]
[Site "Woodvale, Perth WA AUS"]
[Date "2023.09.27"]
[Round "7"]
[White "Akers, Gerard"]
[Black "Bhatia, Abhay"]
[Result "0-1"]
[ECO "C48"]
[WhiteElo "1562"]
[BlackElo "1678"]
[PlyCount "38"]
[EventDate "2023.08.09"]
[EventType "swiss"]
[EventRounds "7"]
[EventCountry "AUS"]
[TimeControl "3600+30"]

1. e4 e5 2. Nf3 d6 3. h3 Nf6 4. Nc3 Nc6 5. Bb5 Bd7 6. d4 a6 7. Ba4 b5 8. dxe5
dxe5 9. Bb3 b4 10. Ng5 bxc3 11. Bxf7+ Ke7 12. bxc3 Nxe4 13. Ba3+ Nd6 14. Bd5
Ke8 15. Nf7 Nxf7 16. Qf3 Qf6 17. Bxc6 Bxc6 18. Qxf6 gxf6 19. Bxf8 Kxf8 0-1

[Event "2023 John Brooke Cup"]
[Site "Woodvale, Perth WA AUS"]
[Date "2023.09.27"]
[Round "7"]
[White "Curtis, Calan"]
[Black "Howard, Mark"]
[Result "1/2-1/2"]
[ECO "D00"]
[WhiteElo "1300"]
[BlackElo "1452"]
[PlyCount "162"]
[EventDate "2023.08.09"]
[EventType "swiss"]
[EventRounds "7"]
[EventCountry "AUS"]
[TimeControl "3600+30"]

1. d4 c6 2. Nc3 Nf6 3. Bf4 d5 4. e3 h6 5. Nf3 Bg4 6. Bd3 e6 7. h3 Bxf3 8. Qxf3
Bb4 9. O-O Bxc3 10. bxc3 Nbd7 11. Rab1 b5 12. Qg3 g5 13. Bd6 Ne4 14. Bxe4 dxe4
15. f3 Nf6 16. fxe4 Nxe4 17. Qe5 Rg8 18. Qxe4 Qxd6 19. Rxb5 Rf8 20. Rbf5 Rb8
21. Rf6 Qd5 22. Qh7 Rb7 23. e4 Qxa2 24. d5 cxd5 25. Rxe6+ fxe6 26. Rxf8+ Kxf8
27. Qxb7 a5 28. Qc8+ Ke7 29. Qc7+ Ke8 30. Qe5 Kd7 31. Qg7+ Kc6 32. exd5+ Qxd5
33. Qh8 Kd6 34. Qb8+ Ke7 35. Qa7+ Kf6 36. c4 Qxc4 37. Qxa5 Qxc2 38. Qd8+ Kf7
39. Qd7+ Kf6 40. Qd4+ e5 41. Qd6+ Kf5 42. g4+ Kf4 43. Qf6+ Kg3 44. Qxe5+ Kxh3
45. Qe3+ Kxg4 46. Qe6+ Kf3 47. Qf6+ Kg4 48. Qe6+ Qf5 49. Qe2+ Kh4 50. Qe1+ Kh5
51. Qe8+ Qg6 52. Qe2+ g4 53. Qe5+ Kh4 54. Qh2+ Kg5 55. Qe5+ Qf5 56. Qe3+ Kg6
57. Qe8+ Kg5 58. Qe3+ Qf4 59. Qe7+ Kf5 60. Qd7+ Ke4 61. Qa4+ Kf3 62. Qd1+ Kg3
63. Qd3+ Kh4 64. Qd8+ Qg5 65. Qd4 Qc1+ 66. Kg2 Qc2+ 67. Kg1 Qb1+ 68. Kg2 Qb7+
69. Kg1 Qf3 70. Qd8+ Kh3 71. Qd2 g3 72. Qxh6+ Kg4 73. Qh5+ Kf4 74. Qxf3+ Kxf3
75. Kf1 Kf4 76. Kg2 Kg4 77. Kg1 Kh3 78. Kh1 Kg4 79. Kg2 Kf4 80. Kg1 Kg4 81. Kg2
Kf4 1/2-1/2

[Event "2023 John Brooke Cup"]
[Site "Woodvale, Perth WA AUS"]
[Date "2023.09.27"]
[Round "7"]
[White "Leech, Martin"]
[Black "Lanham, Bruce"]
[Result "1-0"]
[ECO "B01"]
[WhiteElo "1522"]
[BlackElo "1206"]
[PlyCount "39"]
[EventDate "2023.08.09"]
[EventType "swiss"]
[EventRounds "7"]
[EventCountry "AUS"]
[TimeControl "3600+30"]

1. e4 d5 2. exd5 Qxd5 3. Nc3 Qa5 4. d4 Nf6 5. Bd2 e6 6. Nf3 Bb4 7. a3 Bxc3 8.
Bxc3 Qb6 9. Bd3 Nbd7 10. O-O Nd5 11. Qd2 Nxc3 12. Qxc3 c5 13. dxc5 Nxc5 14.
Qxg7 Rf8 15. Rad1 Nxd3 16. Rxd3 Ke7 17. Ne5 Qc7 18. Rfd1 Qxc2 19. Rd8 Rxd8 20.
Qxf7# 1-0